Map: Dusty Gorge

Players

Mesrob

  • Race: Terran Terran
  • League: Gold
  • Spawn Location: 11:00

Subwaymaker

  • Race: Protoss Protoss
  • League: Silver
  • Spawn Location: 9:00

Shephard - Winner!

  • Race: Protoss Protoss
  • League: Gold
  • Spawn Location: 3:00

Droopy - Winner!

  • Race: Zerg Zerg
  • Spawn Location: 5:00

VOD

Have the link to the VOD?

Description

Time

  • Played on: Jan. 13, 2019, 7:55 p.m.
  • Length: 11:01
Show
View Real Time Build Order
Export as new Build Order

Mesrob Terran 

Build Orders: Mech 

Get SALT Encoding   

  12  0:00  SCV  
  13  0:12  SCV  
  14  0:18  Supply Depot  
  14  0:25  SCV  
  15  0:40  SCV  
  15  0:41  Barracks  
  16  0:52  SCV  
  16  0:54  Refinery  
  17  1:09  SCV  
  18  1:29  Orbital Command  
  18  1:30  Supply Depot  
  18  1:43  Command Center  
  18  1:58  Factory  
  18  2:15  Barracks Tech Lab  
  18  2:53  Refinery, Siege Tank  
  21  3:06  Engineering Bay  
  21  3:31  Orbital Command  
  21  3:33  Supply Depot  
  21  3:35  Siege Tank  
  21  3:36  Refinery  
  24  3:51  SCV  
  25  3:56  Supply Depot  
  25  4:03  Refinery, SCV  
  25  4:08  Siege Tank  
  29  4:15  SCV  
  30  4:21  Barracks Reactor  
  30  4:23  Armory  
  30  4:26  SCV  
  30  4:28  SCV  
  32  4:38  SCV  
  33  4:40  SCV  
  34  4:49  Missile Turret  
  34  4:50  SCV  
  34  4:52  SCV  
  36  4:54  Missile Turret  
  36  5:02  SCV  
  36  5:04  SCV  
  36  5:05  Missile Turret  
  38  5:11  Supply Depot  
  38  5:14  SCV  
  38  5:15  Missile Turret  
  38  5:16  SCV  
  40  5:28  Missile Turret  
  40  5:37  Supply Depot  
  40  5:40  Missile Turret  
  40  5:55  SCV x2  
  42  6:06  Siege Tank  
  42  6:07  SCV  
  42  6:08  SCV  
  47  6:19  SCV  
  48  6:25  Terran Vehicle Weapons Level 1  
  48  6:37  Barracks Tech Lab  
  48  6:39  Factory  
  49  6:40  SCV x2  
  50  6:48  Command Center  
  50  6:52  SCV  
  50  6:53  Infernal Pre-Igniter  
  51  6:56  SCV  
  52  7:04  SCV  
  53  7:09  SCV  
  53  7:15  Thor  
  60  7:16  SCV  
  61  8:05  Thor  
  67  8:06  Hellbat x2  
  65  8:20  Terran Vehicle And Ship Armor Level 1  
  65  8:39  Hellbat x2  
  69  8:48  Thor  
  75  9:11  Barracks Tech Lab  
  75  9:13  Factory  
  72  9:42  Planetary Fortress  
  72  9:49  SCV x2  
  74  10:01  SCV x2  
  74  10:05  Barracks Reactor  
  76  10:07  Factory  
  76  10:12  Supply Depot  
  76  10:13  Supply Depot  
  76  10:21  Hellbat  
  84  10:23  Hellbat  
  92  10:36  Supply Depot  
  92  10:37  Supply Depot  
  80  11:00  Supply Depot  
Show
View Real Time Build Order
Export as new Build Order

Subwaymaker Protoss 

Build Orders:  

Get SALT Encoding   

  12  0:01  Probe  
  13  0:13  Probe  
  14  0:26  Probe  
  14  0:28  Pylon  
  14  0:33  Assimilator  
  15  0:49  Gateway  
  15  0:56  Probe  
  16  1:04  Probe  
  17  1:13  Probe  
  18  1:25  Probe  
  19  1:31  Assimilator  
  19  1:37  Probe  
  20  1:42  Pylon  
  20  1:49  Probe  
  22  2:01  Probe  
  22  2:10  Zealot  
  22  2:13  Probe  
  25  2:25  Probe  
  26  2:37  Probe, Zealot  
  25  2:49  Probe  
  24  3:03  Assimilator  
  24  3:04  Zealot  
  26  3:06  Pylon  
  26  3:14  Cybernetics Core  
  26  3:22  Forge  
  26  3:26  Probe  
  27  3:34  Probe  
  28  3:44  Probe  
  29  3:55  Nexus  
  29  3:56  Probe  
  30  4:11  Stalker  
  31  4:17  Warp Gate  
  31  4:35  Pylon  
  31  4:38  Pylon  
  31  4:44  Protoss Shields Level 1  
  31  4:53  Probe  
  31  4:54  Sentry  
  31  4:56  Stargate  
  34  5:02  Pylon  
  34  5:05  Probe  
  35  5:15  Twilight Council  
  35  5:17  Probe  
  36  5:24  Photon Cannon  
  36  5:29  Probe  
  36  5:35  Stalker  
  31  5:41  Probe  
  8  6:01  Probe  
  8  6:09  Probe  
  8  6:10  Probe  
  11  6:19  Probe  
  12  6:37  Probe  
  12  6:45  Probe  
  14  6:55  Probe  
  15  7:05  Probe  
  15  7:06  Probe  
  17  7:13  Probe  
  17  7:14  Void Ray, Probe  
  17  7:21  Probe  
  17  7:22  Probe  
  16  7:33  Probe x2  
  18  7:45  Probe x2  
  20  7:57  Probe  
  20  7:58  Probe  
  14  8:33  Pylon  
  14  8:45  Pylon  
  14  8:49  Probe  
  14  8:53  Probe  
  16  8:57  Probe  
  17  9:05  Probe  
  17  9:06  Photon Cannon  
  17  9:09  Shield Battery  
  16  9:21  Photon Cannon  
  12  9:36  Shield Battery  
  12  9:39  Probe x2  
  14  9:47  Assimilator  
  14  9:51  Probe  
  15  10:01  Probe  
  16  10:09  Probe  
  17  10:15  Assimilator  
  17  10:17  Probe x2  
  19  10:29  Probe  
  20  10:54  Pylon  
Show
View Real Time Build Order
Export as new Build Order

Shephard Protoss - Winner!

Build Orders: Oracle Opening 

Get SALT Encoding   

  12  0:11  Pylon  
  12  0:12  Probe  
  12  0:20  Probe  
  14  0:36  Gateway  
  14  0:41  Assimilator  
  14  0:43  Probe  
  15  0:55  Probe  
  16  1:03  Probe, Gateway  
  17  1:11  Probe  
  18  1:27  Cybernetics Core  
  18  1:30  Probe  
  19  1:34  Assimilator  
  19  1:42  Probe  
  20  1:54  Stalker  
  20  1:57  Pylon  
  20  2:01  Pylon  
  22  2:11  Warp Gate  
  22  2:15  Shield Battery  
  22  2:44  Stargate  
  22  2:48  Shield Battery  
  22  2:57  Gateway  
  22  3:00  Pylon  
  22  3:12  Stargate  
  22  3:13  Pylon  
  22  3:16  Pylon  
  22  3:21  Probe  
  23  3:33  Oracle  
  26  4:04  Nexus  
  26  4:06  Oracle  
  26  4:07  Oracle  
  29  4:23  Probe  
  33  4:35  Probe  
  34  4:55  Twilight Council  
  34  4:59  Stalker x2  
  38  5:00  Stalker  
  40  5:58  Probe  
  40  5:59  Fleet Beacon  
  40  6:01  Pylon  
  40  6:02  Pylon  
  41  6:06  Probe  
  41  6:08  Charge  
  41  6:10  Stalker  
  44  6:16  Probe  
  45  6:26  Probe  
  45  6:28  Probe  
  47  6:38  Probe  
  48  6:40  Probe  
  49  6:48  Assimilator  
  49  6:58  Carrier  
  55  7:36  Carrier  
  55  7:45  Probe  
  62  7:53  Probe x2  
  64  8:01  Pylon  
  64  8:03  Pylon  
  64  8:04  Probe  
  64  8:05  Pylon, Probe  
  66  8:14  Probe  
  66  8:17  Probe  
  66  8:18  Pylon, Stargate  
  68  8:22  Probe  
  68  8:24  Assimilator  
  69  8:31  Probe  
  70  8:42  Probe  
  70  8:44  Carrier  
  77  8:53  Dark Shrine  
  77  8:54  Probe  
  78  9:17  Carrier  
  78  9:31  Probe  
  85  9:39  Probe  
  86  9:48  Zealot x2  
  86  9:49  Probe, Zealot  
  93  9:56  Nexus  
  93  10:01  Probe  
  94  10:11  Dark Templar x2  
  94  10:12  Dark Templar  
Show
View Real Time Build Order
Export as new Build Order

Droopy Zerg - Winner!

Build Orders: Pool First 

Get SALT Encoding   

  12  0:04  Drone  
  13  0:10  Drone  
  14  0:30  Spawning Pool  
  14  0:31  Drone  
  14  0:38  Overlord  
  14  0:42  Extractor  
  13  0:51  Drone  
  14  1:17  Zergling x4  
  14  1:18  Zergling x2  
  17  1:25  Queen  
  17  1:28  Drone  
  20  1:48  Drone  
  20  2:40  Queen  
  20  3:09  Hatchery, Zergling x2  
  20  3:10  Zergling x2  
  21  3:25  Overlord x3  
  21  3:41  Hatchery  
  20  3:46  Extractor  
  20  3:48  Drone x4  
  23  3:53  Queen  
  25  4:23  Drone  
  26  4:25  Queen  
  26  4:30  Lair  
  28  4:33  Drone x2  
  28  4:36  Drone  
  31  4:39  Drone x4  
  35  4:51  Drone x2  
  37  4:55  Extractor  
  37  4:56  Extractor  
  37  4:59  Drone  
  36  5:01  Queen  
  38  5:20  Overlord  
  38  5:28  Hydralisk Den  
  38  5:29  Queen  
  38  5:31  Overlord x5  
  39  5:47  Drone x3  
  39  5:49  Drone x2  
  44  5:50  Drone  
  44  5:54  Drone x2  
  44  5:55  Drone  
  48  5:58  Drone  
  48  6:03  Overseer  
  49  6:07  Muscular Augments  
  49  6:13  Drone x2  
  49  6:16  Drone  
  52  6:31  Hydralisk  
  52  6:32  Hydralisk x5  
  60  6:33  Hydralisk  
  66  7:03  Drone x5  
  66  7:04  Drone x2  
  66  7:07  Hydralisk x4  
  65  8:27  Hydralisk x2  
  65  8:28  Hydralisk x7  
  65  8:29  Hydralisk x6  
  65  8:30  Hydralisk x4  
  103  8:41  Drone  
  104  8:44  Extractor, Queen  
  105  9:34  Drone  
  105  9:36  Overlord x2  
  106  9:46  Overlord x2  
  106  9:47  Overlord x4  
  106  10:06  Drone x3  
  109  10:08  Overseer  
  109  10:22  Hatchery  
  149  11:00  Extractor  
Tags
 
Add a new tag
Caveats
  • Supply blocks, unpowered buildings, or Contaminate may cause inaccurate times.
  • Supply counts are checked every 10 seconds.